 Dungeon Crawl Stone Soup version 0.29.0-15-g675c0067aa (webtiles) character file.

Game seed: 8780953546204471270

20421 H0rd4k the Thaumaturge (level 13, -6/93 HPs)
             Began as a Human Artificer on Sept 12, 2022.
             Was an Initiate of Gozag.
             Mangled by a cane toad (18 damage)
             ... on level 5 of the Lair of Beasts.
             The game lasted 00:40:01 (22921 turns).

H0rd4k the Thaumaturge (Human Artificer)           Turns: 22921, Time: 00:40:03

Health: -6/93      AC:  9    Str: 15    XL:     13   Next: 12%
Magic:  27/27      EV: 19    Int: 17    God:    Gozag
Gold:   1237       SH:  0    Dex: 14    Spells: 24/32 levels left

rFire   + . .      SeeInvis .   I - +8 sling "Impslayer" {freeze, rF+}
rCold   . . .      Faith    .   (no shield)
rNeg    . . .      Spirit   .   b - +0 leather armour
rPois   .          Reflect  .   F - +1 helmet
rElec   .          Harm     .   (no cloak)
rCorr   .          Rampage  .   y - +0 pair of gloves {Str+3}
Will    .....                   E - +2 pair of boots
Stlth   ++........              i - amulet of the acrobat
HPRegen 0.25/turn               A - ring of wizardry
MPRegen 0.20/turn               m - +4 ring of evasion

@: about to teleport, gold aura
A: no striking features
a: Renounce Religion, Potion Petition, Call Merchant, Bribe Branch


You were on level 5 of the Lair of Beasts.
You worshipped Gozag.
Gozag was most pleased with you.
You visited 3 branches of the dungeon, and saw 16 of its levels.

You collected 2619 gold pieces.
You spent 577 gold pieces at shops.
You paid 805 gold pieces to Gozag.

Inventory:

Hand Weapons
 n - a +2 dagger of draining
 z - a +4 scimitar of freezing
 B - a +0 dagger of freezing
 I - the +8 sling "Impslayer" (weapon) {freeze, rF+}
   (You found it on level 2 of the Lair of Beasts)

   Any ammunition fired from it freezes those it strikes, dealing additional
   cold damage.
   It can also slow down cold-blooded creatures.
   rF:        It protects you from fire.
 J - the +5 whip of the Winnowing Seeker {speed, Str+3}
   (You bought it in a shop on level 1 of the Lair of Beasts)

   Attacks with this weapon are significantly faster.
   Str:       It affects your strength (+3).
 L - the +4 morningstar of Honour {vamp, rC+ Will- SInv}
   (You bought it in a shop on level 1 of the Lair of Beasts)

   It occasionally heals its wielder for a portion of the damage dealt when it
   wounds a living foe.
   rC:        It protects you from cold.
   SInv:      It lets you see invisible.
   Will:      It decreases your willpower.
Missiles
 g - 26 poisoned darts
 Q - 5 atropa-tipped darts
Armour
 b - a +0 leather armour (worn)
 y - a +0 pair of gloves of strength (worn)
 E - a +2 pair of boots (worn)
 F - a +1 helmet (worn)
 P - a +2 pair of gloves of stealth
Magical Staves
 w - a staff of air
Jewellery
 d - a ring of poison resistance
 e - a ring of positive energy
 i - an amulet of the acrobat (around neck)
 k - a +4 ring of protection
 m - a +4 ring of evasion (right hand)
 o - a ring of positive energy
 p - a ring of wizardry
 A - a ring of wizardry (left hand)
 N - an amulet of magic regeneration
Wands
 f - a wand of roots (18)
 u - a wand of flame (18)
 C - a wand of polymorph (7)
 H - a wand of paralysis (2)
Scrolls
 h - a scroll of teleportation
 l - 2 scrolls of silence
 q - 4 scrolls of identify
 t - 2 scrolls of magic mapping
 M - a scroll of enchant armour
 O - a scroll of amnesia
Potions
 a - a potion of ambrosia {unknown}
 c - 3 potions of curing
 s - 2 potions of heal wounds {unknown}
 v - 2 potions of cancellation {unknown}
 x - 2 potions of magic
 G - a potion of flight {unknown}
Miscellaneous
 K - a box of beasts (inert)


   Skills:
 - Level 6.1 Fighting
 - Level 9.1 Short Blades
 + Level 0.9(1.1) Maces & Flails
 + Level 1.0(1.2) Staves
 * Level 4.9 Ranged Weapons
 + Level 1.5 Throwing
 - Level 2.0 Armour
 - Level 8.2 Dodging
 + Level 2.4 Stealth
 + Level 1.4 Shields
 + Level 10.2 Spellcasting
 + Level 5.6 Summonings
 + Level 7.4 Air Magic
 + Level 3.2 Evocations


You had 24 spell levels left.
You knew the following spells:

 Your Spells              Type           Power      Damage    Failure   Level
a - Summon Lightning Spi  Summ/Air       30%        N/A       2%          4
b - Airstrike             Air            16%        2d(3-19)  1%          4

Your spell library contained the following spells:

 Spells                   Type           Power      Damage    Failure   Level
 Freeze                   Ice            32%        1d5       4%          1
 Necrotise                Necr           32%        1d5       4%          1
 Frozen Ramparts          Ice            16%        1d3       12%         3
 Vampiric Draining        Necr           8%         2d6       12%         3
 Lightning Bolt           Conj/Air       10%        1d23      24%         5
 Hailstorm                Conj/Ice       8%         3d4       38%         4
 Agony                    Necr           8%         N/A       71%         5


Dungeon Overview and Level Annotations

Branches:
Dungeon (10/15)            Temple (1/1) D:4            Lair (5/5) D:9
  Swamp (0/4) Lair:2       Spider (0/4) Lair:2        Slime (0/5) Lair:5
    Orc: D:9-12

Altars:
Cheibriados
Dithmenos
Elyvilon
Fedhas
Gozag
Hepliaklqana
Kikubaaqudgha
Nemelex Xobeh
Okawaru
Qazlal
Ru
Sif Muna
Trog
Uskayaw
Vehumet
Wu Jian
Xom
Yredelemnul
Zin
Lugonu

Shops:
D:4 *   Lair:1 (

Portals:
Abyss: D:3

Annotations:
D:3 2 runed translucent doors, exclusions: 2 doors, downstairs and necrophage
D:7 exclusion: 2 downstairs, Maggie
D:9 exclusion: upstairs
Lair:1 exclusion: downstairs
Lair:3 1 runed translucent door, exclusion: door, capka3m's ghost, journeyman TrMo
Lair:5 exclusion: oklob plant


Message History

Aim: a bullfrog (lightly wounded, 64% to hit)
You shoot a sling bullet. The sling bullet hits the bullfrog!
The sling bullet freezes the bullfrog.
You kill the bullfrog!
The blink frog hits you but does no damage.
A blink frog comes into view.
The blink frog is distracted by your dazzling golden aura.
Fire: I) +8 sling "Impslayer" {freeze, rF+}
Press: ? - help, Q - select action, (/) - cycle Shift-Dir - straight line, f - blink frog
Aim: a blink frog (54% to hit)
You shoot a sling bullet.
The sling bullet barely misses the blink frog.
The blink frog croaks.
You hear a croak.
The blink frog is no longer distracted by gold.
The blink frog misses you. The cane toad stings you!
* * * LOW HITPOINT WARNING * * *
The blink frog hits you.
* * * LOW HITPOINT WARNING * * *
The blink frog hits you but does no damage.
Fire: I) +8 sling "Impslayer" {freeze, rF+}
Press: ? - help, Q - select action, (/) - cycle Shift-Dir - straight line, f/p - blink frog
Aim: a blink frog (54% to hit)
You shoot a sling bullet. The sling bullet hits the blink frog.
The blink frog seems to slow down.
The sling bullet freezes the blink frog.
The blink frog is moderately wounded.
The cane toad completely misses you. The blink frog closely misses you.
The blink frog hits you!
* * * LOW HITPOINT WARNING * * *
The cane toad is distracted by your dazzling golden aura.
The blink frog barely misses you.
As you read the scroll of teleportation, it crumbles to dust.
You feel strangely unstable. The blink frog hits you.
* * * LOW HITPOINT WARNING * * *
The blink frog blinks!
The blink frog completely misses you.
The cane toad croaks.
The cane toad attacks as you move away! The cane toad stings you!!
You die...
Your body crumbles into a pile of gold.

,,,,,,,,,,,***.....~~~≈~~~~,~~~~,
,,,,,,,,,,** *#...~.~~~~~~~~~~~,~
**,,,,,,*,,*###....~≈~~~~~~~~~,~~
**,,,,,,,*,##.P...~F~~~~~~~~~~~~,
*~,,,,,,,,,,.......F~~~~~~~~~,~~$
*~~~~~,,,,,**#....,~~~~~~~~****~~
,~*****,,,** #..§#~~~~~~,~~******
,~*∩,,,,,~* *#FF#,~~*******,,~~~
,~*,,,,,~~**###F@#,~*****~~~~~~~~
,~*,,,~*,,,*#.#..##***~~~~~~~~~~~
,,*,,~*~..###.....#,,~~~~~~~~~~~~
,,,,,*~,..........#,,,,,~~~~~~~~*
,*,,~,,,#..(......#,,,~,~,~~~~~~~
****,,*,.............,,,,,,,,~~~~
***,,.....P.........,~,,~,~~~~
***,.<#####........,,,~,,,,,~ ***
*,,,..* ##P......,,,,,,,,,,


You could see a cane toad and 2 blink frogs.

Vanquished Creatures
  A hydra (Lair:2)
  A manticore (shapeshifter) (D:9)
  A black mamba (Lair:3)
  An elephant (Lair:4)
  2 cane toads
  A rime drake (Lair:3)
  3 komodo dragons
  A troll (D:9)
  Prince Ribbit (D:5)
  A blink frog (Lair:5)
  A wraith (D:9)
  A culicivora (Lair:2)
  A vampire (D:5)
  20 yaks
  A steam dragon (D:8)
  An unseen horror simulacrum (D:9)
  3 wyverns
  5 redbacks (Lair:2)
  A vampire mosquito (Lair:5)
  A basilisk (D:9)
  A swamp worm (Lair:2)
  2 acid dragons
  7 water moccasins
  2 black bears
  An orc warrior (D:9)
  An ice beast (D:6)
  5 sky beasts
  3 ogres (D:5)
  10 wolves
  A centaur (D:7)
  A phantom (D:5)
  A kobold brigand (D:7)
  6 bullfrogs
  3 scorpions
  2 necrophages
  6 wights
  6 killer bees
  5 electric eels
  6 howler monkeys
  A lava snake (Lair:2)
  A jelly (D:7)
  A quasit (D:9)
  2 hounds
  An orc priest (D:3)
  2 gnoll boudas
  6 iguanas
  4 orc wizards
  24 gnolls
  6 adders
  3 worms
  2 dart slugs
  35 orcs
  7 ball pythons
  6 endoplasms
  4 giant cockroaches
  11 goblins
  9 hobgoblins
  10 jackals (D:5)
  A quokka (D:5)
  6 bats
  4 frilled lizards
  10 kobolds
  A rat (D:1)
274 creatures vanquished.

Vanquished Creatures (collateral kills)
  2 hydras
  2 elephants (Lair:4)
  2 cane toads
  A komodo dragon (Lair:2)
  2 polar bears (Lair:3)
  A tyrant leech (Lair:2)
  3 blink frogs (Lair:3)
  2 jumping spiders (Lair:2)
  3 wyverns
  4 yaks (Lair:2)
  3 water moccasins
  A black bear (Lair:3)
  3 wolves (Lair:1)
  A bullfrog (Lair:3)
  Blork the orc (D:5)
  A lava snake (Lair:2)
  A gnoll (D:5)
  A jackal (D:5)
34 creatures vanquished.

Vanquished Creatures (others)
  A gnoll bouda (D:5)
  2 gnolls (D:5)
  A white imp (D:5)
  3 orcs (D:5)
  A goblin (D:1)
  2 bushes (D:9)
  2 demonic plants (D:10)
  16 fungi
  112 plants
140 creatures vanquished.

Grand Total: 448 creatures vanquished

Notes
Turn   | Place    | Note
-------+----------+-------------------------------------------
     0 | D:1      | H0rd4k the Human Artificer began the quest for the Orb.
     0 | D:1      | Reached XP level 1. HP: 15/15 MP: 1/1
   408 | D:1      | Reached XP level 2. HP: 19/21 MP: 2/2
  1190 | D:1      | Reached XP level 3. HP: 2/21 MP: 3/3
  1894 | D:2      | Found a faded altar of an unknown god.
  2112 | D:2      | Reached XP level 4. HP: 30/32 MP: 4/4
  2198 | D:2      | Reached skill level 1 in Short Blades
  2893 | D:3      | Noticed a necrophage
  2957 | D:3      | Found a one-way gate to the infinite horrors of the Abyss.
  3142 | D:3      | Reached XP level 5. HP: 37/39 MP: 5/5
  3486 | D:3      | Found a large runed translucent door.
  3486 | D:3      | Found a large runed translucent door.
  3491 | D:3      | Found a corrupted altar of Lugonu.
  4535 | D:4      | Found Okloami's Elemental Accessories.
  4540 | D:4      | Found a staircase to the Ecumenical Temple.
  4556 | D:4      | Reached XP level 6. HP: 31/46 MP: 5/7
  4672 | D:5      | Entered Level 5 of the Dungeon
  4713 | D:5      | Reached skill level 1 in Spellcasting
  4843 | D:5      | Reached XP level 7. HP: 17/52 MP: 7/9
  4921 | D:5      | Noticed Blork the orc
  4931 | D:5      | Killed Blork the orc
  4938 | D:5      | Noticed an acid dragon
  5263 | D:6      | Found a bloodstained altar of Trog.
  5374 | Temple   | Entered the Ecumenical Temple
  5541 | Temple   | Became a worshipper of Gozag Ym Sagoz the Greedy
  5620 | D:5      | Killed an acid dragon
  5621 | D:5      | Reached skill level 2 in Spellcasting
  5625 | D:5      | Reached skill level 5 in Short Blades
  5625 | D:5      | Reached XP level 8. HP: 33/58 MP: 9/11
  6982 | D:5      | Noticed a vampire
  6986 | D:5      | Reached skill level 5 in Dodging
  6992 | D:5      | Killed a vampire
  7306 | D:5      | Reached skill level 3 in Spellcasting
  7502 | D:5      | Reached XP level 9. HP: 65/66 MP: 13/13
  7867 | D:5      | Noticed Prince Ribbit
  7901 | D:5      | Killed Prince Ribbit
  8910 | D:6      | Learned a level 4 spell: Summon Lightning Spire
  9254 | D:7      | Found a snail-covered altar of Cheibriados.
  9306 | D:7      | Reached skill level 5 in Fighting
  9370 | D:7      | Noticed Maggie
  9421 | D:7      | Reached skill level 4 in Spellcasting
  9655 | D:8      | Reached skill level 1 in Summonings
  9655 | D:8      | Reached skill level 1 in Air Magic
 10097 | D:7      | Reached XP level 10. HP: 74/74 MP: 16/16
 12116 | D:8      | Found a faded altar of an unknown god.
 12116 | D:8      | Found a faded altar of an unknown god.
 12116 | D:8      | Found a faded altar of an unknown god.
 12118 | D:8      | Found a hazy altar of Hepliaklqana.
 12875 | D:9      | Reached skill level 1 in Shields
 12888 | D:9      | Reached skill level 5 in Spellcasting
 12942 | D:10     | Entered Level 10 of the Dungeon
 12959 | D:10     | Noticed a rust devil
 12970 | D:9      | Found a staircase to the Lair.
 13934 | D:9      | Reached skill level 1 in Staves
 14204 | D:9      | Reached skill level 6 in Spellcasting
 14577 | D:8      | Reached XP level 11. HP: 17/81 MP: 20/20
 15048 | D:9      | HP: 2/81 [unseen horror simulacrum (9)]
 15056 | D:9      | Reached skill level 7 in Spellcasting
 15544 | D:9      | Reached skill level 5 in Air Magic
 15756 | D:9      | Noticed a salamander
 15759 | D:9      | a salamander changed into a black mamba
 15773 | D:9      | Noticed a manticore
 15780 | Lair:1   | Entered Level 1 of the Lair of Beasts
 16087 | Lair:1   | Reached skill level 1 in Throwing
 16170 | Lair:1   | Reached skill level 8 in Spellcasting
 17042 | Lair:1   | Learned a level 4 spell: Airstrike
 17647 | Lair:2   | Identified the +8 sling "Impslayer" {freeze, rF+}
 17695 | Lair:2   | Reached XP level 12. HP: 50/87 MP: 22/24
 17878 | Lair:2   | Found a hole to the Spider Nest.
 18566 | Lair:2   | Reached skill level 1 in Ranged Weapons
 18595 | Lair:2   | Reached skill level 9 in Spellcasting
 19049 | Lair:2   | Noticed a five-headed hydra
 19051 | Lair:2   | Found a shimmering altar of Xom.
 19462 | Lair:2   | Noticed an eight-headed hydra
 19492 | Lair:2   | Killed a five-headed hydra
 19735 | Lair:2   | Killed an eight-headed hydra
 19888 | Lair:2   | Found a staircase to the Swamp.
 20746 | Lair:2   | Reached skill level 5 in Summonings
 21252 | D:9      | Noticed a tengu warrior
 21277 | Lair:1   | Bought a translucent whip for 262 gold pieces
 21277 | Lair:1   | Identified the +5 whip of the Winnowing Seeker {speed,
                  | Str+3} (You bought it in a shop on level 1 of the Lair of
                  | Beasts)
 21277 | Lair:1   | Bought a crude morningstar for 315 gold pieces
 21277 | Lair:1   | Identified the +4 morningstar of Honour {vamp, rC+ Will-
                  | SInv} (You bought it in a shop on level 1 of the Lair of
                  | Beasts)
 21363 | Lair:3   | Identified the +0 scale mail of the Snail {rPois}
 21373 | Lair:3   | Found a runed translucent door.
 21458 | Lair:3   | Noticed capka3m's ghost (journeyman TrMo)
 21940 | Lair:3   | Found a shimmering altar of Xom.
 22391 | Lair:4   | Noticed a five-headed hydra
 22397 | Lair:4   | Killed a five-headed hydra
 22398 | Lair:4   | Reached skill level 10 in Spellcasting
 22451 | Lair:4   | HP: 1/88 [elephant (11)]
 22823 | Lair:4   | Reached XP level 13. HP: 92/93 MP: 23/27
 22856 | Lair:4   | You fall into a shaft and drop 1 floor!
 22856 | Lair:5   | Entered Level 5 of the Lair of Beasts
 22921 | Lair:5   | Mangled by a cane toad

Illustrated notes

Levels and vault maps discovered:
D:1:      dpeg_arrival_renting, layout_basic
D:2:      layout_loops_cross, nicolae_ecumenical_lake_church
D:3:      due_chaos_kobolds, layout_basic
D:4:      cheibrodos_pilgrimage, layout_cave_pools,
          minmay_temple_entry_from_below_a, nicolae_elemental_shop,
          hangedman_decor_lopped
D:5:      lemuel_castle_with_subvaults [lemuel_castle_interior_original],
          layout_loops_cross, uniq_blork_the_orc, uniq_prince_ribbit1
D:6:      layout_rooms, amcnicky_altar_gilded
D:7:      layout_basic, mainiacjoe_overflow_concentric_impassable, uniq_maggie
D:8:      layout_layer_cave, nicolae_hepliaklqana_ecumenical_no_more,
          nicolae_concentric_dashed_squares_wild, minmay_misc_feat_rugged
D:9:      minmay_the_grid_triangle_9x9_recursive_2
          [minmay_the_grid_triangle_9x9_prize_schism,
          minmay_the_grid_triangle_9x9_from_above,
          minmay_the_grid_triangle_9x9_negative_grid,
          minmay_the_grid_triangle_9x9_corrupted_corridor], layout_long_grid,
          gammafunk_temple_overflow_forgotten, minmay_lair_entry_grove,
          hangedman_corner_corridor
D:10:     layout_cave_pods, orc_0_dummy, serial_demonic, serial_demonic_g,
          serial_demonic_c, serial_demonic_g, serial_demonic_c,
          serial_demonic_c, serial_demonic_f, serial_demonic_d,
          serial_demonic_e, chequers_serial_rivers_room_b, minmay_between,
          uniq_snorg, uniq_lodul
Temple:   nicolae_temple_bog_church
Lair:1:   layout_misc_corridors, serial_forest, infiniplex_forest_clump_double,
          infiniplex_forest_clump_curved, infiniplex_forest_clump_double,
          infiniplex_forest_straight_1, infiniplex_forest_clump_long,
          infiniplex_forest_lined_room_2, infiniplex_forest_clump_long,
          infiniplex_forest_clump_tiny, infiniplex_forest_clump_cross,
          infiniplex_forest_straight_5, minivault_19
Lair:2:   layout_long_grid, palyth_hydra_swamp_entry,
          nicolae_spider_entry_tight_spaces, basic_altar, minmay_hedge_maze,
          nicolae_lair_liquid_snakes, serial_bayou_shore_a
Lair:3:   layout_chaotic_city, hellmonk_ghost_happy_afterlife, basic_altar,
          gammafunk_lair_bear_cave
Lair:4:   layout_long_grid, serial_bayou_shore_b, uniq_sonja
Lair:5:   minmay_lair_end_frog_pond, layout_layer_cave,
          nicolae_slime_entry_slimehenge, nicolae_volcano_entry_hallway,
          portal_ice_cave_rime

Skill      XL: |  1  2  3  4  5  6  7  8  9 10 11 12 |
---------------+-------------------------------------+-----
Dodging        | 2 3 4 5 6 7 8 |  8.2
Fighting       | 2 3 4 5 6 |  6.1
Short Blades   | 1 2 3 5 6 8 9 |  9.1
Spellcasting   | 1 2 3 4 6 8 10 | 10.2
Summonings     | 1 2 4 5 |  5.6
Air Magic      | 1 3 6 7 |  7.4
Shields        | 1 |  1.4
Staves         | 1 |  1.0
Throwing       | 1 |  1.5
Ranged Weapons | 4 |  4.9
Stealth        | 2 |  2.4
Maces & Flails | |  0.9
Armour         | |  2.0
Evocations     | |  3.2

Action                   |  1- 3 |  4- 6 |  7- 9 | 10-12 | 13-15 || total
-------------------------+-------+-------+-------+-------+-------++-------
Melee: Club              |    45 |       |       |       |       ||    45
       Dagger            |    93 |   183 |   660 |  1204 |       ||  2140
       Punch             |       |       |     5 |    16 |       ||    21
 Fire: Sling             |       |       |       |    25 |    39 ||    64
Throw: Dart              |       |       |       |     5 |       ||     5
 Cast: Summon Lightning  |       |       |       |    59 |     4 ||    63
       Airstrike         |       |       |       |     3 |       ||     3
Invok: Call Merchant     |       |       |       |     1 |       ||     1
Evoke: Wand              |     9 |    19 |    12 |    19 |       ||    59
       Box of beasts     |       |       |       |     1 |       ||     1
  Use: Potion            |       |       |     3 |     5 |       ||     8
       Scroll            |       |       |    13 |    13 |     4 ||    30
 Stab: Sleeping          |     2 |     1 |     2 |       |       ||     5
       Distracted        |       |     1 |     2 |    10 |       ||    13
       Paralysed         |       |     1 |     7 |       |       ||     8
Armor: Leather armour    |    35 |    34 |    76 |   170 |    12 ||   327
       Skin              |       |       |    17 |    39 |       ||    56
Dodge: Dodged            |   117 |   141 |   384 |   867 |    71 ||  1580
